 Dungeon Crawl Stone Soup version 0.18-a0-270-ga9d907f (webtiles) character file.

605 Gruud the Chopper (level 7, -7/51 HPs)
             Began as a Demonspawn Gladiator on Nov 26, 2015.
             Mangled by an ogre
             ... wielding a +0 giant spiked club
              (23 damage)
             ... on level 5 of the Dungeon.
             The game lasted 00:08:24 (3274 turns).

Gruud the Chopper (Demonspawn Gladiator)            Turns: 3274, Time: 00:08:24

Health: -7/51      AC: 11    Str: 17    XL:     7   Next: 19%
Magic:  7/7        EV:  7    Int:  9    God:
Gold:   223        SH:  0    Dex: 14    Spells: 0 memorised, 6 levels left

rFire  . . .     SeeInvis .     a - +0 war axe
rCold  . . .     Clarity  .     s - +0 chain mail
rNeg   . . .     SustAt   .     (no shield)
rPois  .         Gourm    .     c - +0 helmet
rElec  .         Spirit   .     q - +0 cloak
rCorr  .         Warding  .     (no gloves)
rMut   .         Stasis   .     (no boots)
MR     .....                    (no amulet)
Stlth  ..........               (no ring)
                                (no ring)

@: lethally poisoned (-7 -> -8), not resistant to hostile enchantments,
extremely unstealthy
A: rugged brown scales 1, foul stench 1, powered by pain 1, rot immunity
a: no special abilities


You were on level 5 of the Dungeon.
You were not hungry.

You visited 1 branch of the dungeon, and saw 5 of its levels.

You collected 223 gold pieces.

Inventory:

Hand Weapons
 a - a +0 war axe (weapon)
 b - a +0 blowgun
Missiles
 d - 3 throwing nets (quivered)
 e - 6 curare-tipped needles
 k - 51 poisoned needles
Armour
 c - a +0 helmet (worn)
 q - a +0 cloak (worn)
 s - a +0 chain mail (worn)
 v - the +1 chain mail of the Will of the Gods {rPois rC- Int+3 Stlth+}
   (You found it on level 4 of the Dungeon)

   It affects your intelligence (+3).
   It makes you vulnerable to cold.
   It protects you from poison.
   It makes you more stealthy.
Scrolls
 j - a scroll of remove curse {unknown}
 l - a scroll of teleportation {unknown}
 p - a scroll of immolation {unknown}
 r - a scroll of recharging {unknown}
 t - a scroll of amnesia
 w - a scroll of fear {unknown}
Potions
 f - a potion of brilliance
 g - 2 potions of might
 m - 4 potions of curing
 u - a potion of degeneration {unknown}
Comestibles
 h - 5 bread rations
 i - a meat ration
 n - 3 fruits


   Skills:
 - Level 2.0 Fighting
 * Level 7.6 Axes
 - Level 1.7 Throwing
 - Level 2.6 Dodging


You had 6 spell levels left.
You didn't know any spells.

Dungeon Overview and Level Annotations

Branches:
Dungeon (5/15)
 Temple: D:4-7

Altars:
Fedhas
Qazlal
Xom
Yredelemnul

Shops:
D:4 (


Innate Abilities, Weirdness & Mutations

You are partially covered in rugged brown scales (AC +1, +3% HP).
You may emit foul miasma when damaged in melee.
You sometimes gain a little power by taking damage.
You are immune to rotting.


Message History

You shoot a poisoned needle.
The poisoned needle barely misses the ogre.
The crimson imp shouts!
Firing (i - inventory. (,) - cycle):
k - 52 poisoned needles (quivered)
Press: ? - help, Shift-Dir - straight line, f/p - ogre
Aim: an ogre, wielding a giant spiked club (lightly wounded, poisoned)
You shoot a poisoned needle. The poisoned needle hits the ogre!
The ogre is lightly wounded.
a - a +0 war axe (weapon)
You feel sick.
The ogre hits you with a giant spiked club!
The crimson imp blinks!
You feel sick.
You feel sick.
You feel sick.
There is a stone staircase leading up, spattered with blood here.
You hit the ogre but do no damage.
The ogre is severely wounded.
The ogre hits you with a giant spiked club!!
You die...

####. ##.... ......#
.......## #.......##
#.......## #........#
#.....@..## #.....O...#
#.........#
#........###########(..
#................(((...
#.#.......###########..#
...######## .##


You could see an ogre.

Vanquished Creatures
  Sigmund (D:4)
  An ogre (D:4)
  The ghost of Rayvis the Sneak, an amateur OpAs (D:3)
  A crimson imp (D:4)
  2 orc priests (D:3)
  An orc wizard (D:3)
  Jessica (D:3)
  A worker ant (D:5)
  Robin (D:2)
  3 adders
  An ooze (D:4)
  An adder skeleton (D:3)
  2 worms
  5 orcs (D:3)
  8 bats
  6 hobgoblins
  9 kobolds
  3 giant cockroaches (D:2)
  3 giant geckos
  2 giant newts
  11 goblins
  3 quokkas
  11 rats
78 creatures vanquished.

Notes
Turn   | Place    | Note
--------------------------------------------------------------
     0 | D:1      | Gruud the Demonspawn Gladiator began the quest for the Orb.
     0 | D:1      | Reached XP level 1. HP: 16/16 MP: 1/1
   121 | D:1      | Reached skill level 3 in Axes
   207 | D:1      | Gained mutation: You are immune to rotting. [demonic ancestry]
   207 | D:1      | Reached XP level 2. HP: 12/22 MP: 2/2
   635 | D:2      | Gained mutation: You may emit foul miasma when damaged in melee. [demonic ancestry]
   635 | D:2      | Reached XP level 3. HP: 24/27 MP: 3/3
   701 | D:2      | Found a blossoming altar of Fedhas.
   740 | D:2      | Found a basalt altar of Yredelemnul.
   789 | D:2      | Reached skill level 4 in Axes
   813 | D:2      | Found a stormy altar of Qazlal.
   870 | D:2      | Noticed Robin
   892 | D:2      | Killed Robin
   892 | D:2      | Reached XP level 4. HP: 11/33 MP: 4/4
  1100 | D:2      | Found a shimmering altar of Xom.
  1469 | D:3      | Reached skill level 5 in Axes
  1516 | D:3      | Gained mutation: You are partially covered in rugged brown scales (AC +1, +3% HP). [demonic ancestry]
  1516 | D:3      | Reached XP level 5. HP: 20/39 MP: 5/5
  1855 | D:3      | Noticed Jessica
  1857 | D:3      | Killed Jessica
  2110 | D:3      | Noticed Rayvis's ghost (amateur OpAs)
  2121 | D:3      | Killed Rayvis's ghost
  2121 | D:3      | Reached skill level 6 in Axes
  2121 | D:3      | Reached XP level 6. HP: 45/45 MP: 6/6
  2414 | D:4      | Found Jegurunoh's Antique Weapon Shop.
  2414 | D:4      | Noticed Sigmund
  2427 | D:4      | Killed Sigmund
  2427 | D:4      | Reached skill level 7 in Axes
  3021 | D:4      | Gained mutation: You sometimes gain a little power by taking damage. [demonic ancestry]
  3021 | D:4      | Reached XP level 7. HP: 34/51 MP: 7/7
  3198 | D:4      | Got a faintly glowing chain mail
  3209 | D:4      | Identified the +1 chain mail of the Will of the Gods {rPois rC- Int+3 Stlth+} (You found it on level 4 of the Dungeon)
  3238 | D:5      | Entered Level 5 of the Dungeon
  3274 | D:5      | Mangled by an ogre

Vault maps used:
D:1:      dpeg_arrival_subterranean_lakeside_camping
D:2:      lemuel_crystal_altar, lemuel_round_altar, overflow_temple_1_default,
          overflow_temple_1_default, uniq_robin
D:3:      first_bread, uniq_jessica
D:4:      serial_shops, shop, kennysheep_doodads, uniq_sigmund
D:5:      nicolae_ru_awakened_eye

Action                   |  1- 3 |  4- 6 |  7- 9 || total
-------------------------+-------+-------+-------++-------
Melee: War axe           |   171 |   112 |    14 ||   297
 Fire: Blowgun           |       |     5 |     5 ||    10
  Use: Scroll            |       |     5 |       ||     5
       Potion            |       |     2 |       ||     2
  Eat: Chunk             |       |     4 |       ||     4
       Bread ration      |       |     1 |       ||     1
